 Dungeon Crawl Stone Soup version 0.25.0-1-g7eea58d2a3 (webtiles) character file.

Game seed: 11346431121726522228

676 Esekla the Magician (level 7, -3/36 HPs)
             Began as a Vine Stalker Skald on June 13, 2020.
             Was a Believer of Ashenzari.
             Slain by a gnoll
             ... wielding a +0 club
              (6 damage)
             ... on level 4 of the Dungeon.
             The game lasted 00:25:17 (3426 turns).

Esekla the Magician (Vine Stalker Skald)            Turns: 3426, Time: 00:25:17

Health: -3/36      AC:  5    Str: 14    XL:     7   Next: 59%
Magic:  0/14       EV: 12    Int: 14    God:    Ashenzari [**....]
Gold:   182        SH:  0    Dex: 14    Spells: 6/14 levels left

rFire    . . .     SeeInvis .   f - +2 short sword (vamp) (curse)
rCold    . . .     Gourm    .   (no shield)
rNeg     + . .     Faith    .   b - +0 leather armour
rPois    .         Spirit   +   (no helmet)
rElec    .         Reflect  .   (no cloak)
rCorr    .         Harm     .   e - +1 pair of gloves (curse)
MR       .....                  (no boots)
Stlth    +.........             (no amulet)
HPRegen  0.52/turn              u - ring of positive energy
MPRegen  0.14/turn              (no ring)

@: no status effects
A: fangs 2, regeneration 1, magic shield, antimagic bite, no potion heal 3, rot
immunity
a: Curse Item, Scrying, Renounce Religion


You were on level 4 of the Dungeon.
You worshipped Ashenzari.
Ashenzari was pleased with you.
You were hungry.

You visited 1 branch of the dungeon, and saw 4 of its levels.

You collected 182 gold pieces.

Inventory:

Hand Weapons
 a - a +0 falchion
 f - a cursed +2 vampiric short sword (weapon)
 s - a +3 rapier
Armour
 b - a +0 leather armour (worn)
 e - a cursed +1 pair of gloves (worn)
 p - +0 fire dragon scales
Jewellery
 u - a ring of positive energy (left hand)
Scrolls
 c - 3 scrolls of enchant weapon {unknown}
 h - a scroll of magic mapping {unknown}
 j - a scroll of immolation {unknown}
 l - 2 scrolls of identify {unknown}
 m - 3 scrolls of teleportation {unknown}
 n - 3 scrolls of remove curse
 o - a scroll of fear {unknown}
 t - a scroll of blinking {unknown}
 x - a scroll of fog {unknown}
Potions
 g - a potion of brilliance {unknown}
 i - a potion of mutation {unknown}
 k - 2 potions of berserk rage {unknown}
 q - a potion of cancellation {unknown}
 r - a potion of curing {unknown}
 v - a potion of invisibility {unknown}
Comestibles
 d - 5 rations


   Skills:
 * Level 3.1 Fighting
 * Level 3.4(5.8) Short Blades
 + Level 2.5(3.4) Long Blades
 + Level 2.0 Armour
 + Level 2.3 Dodging
 * Level 4.0 Spellcasting
 + Level 3.0 Charms
 * Level 1.2 Translocations
 * Level 2.6 Ice Magic


You had 6 spell levels left.
You knew the following spells:

 Your Spells              Type           Power        Failure   Level  Hunger
a - Ozocubu's Armour      Chrm/Ice       ##......     22%         3    ###....
b - Infusion              Chrm           ##..         7%          1    None
g - Shroud of Golubria    Chrm/Tloc      #.....       14%         2    ##.....
s - Song of Slaying       Chrm           ##......     10%         2    ##.....

Your spell library contained the following spells:

 Spells                   Type           Power        Failure   Level  Hunger
 Spectral Weapon          Hex/Chrm       #.......     36%         3    ###....


Dungeon Overview and Level Annotations

Branches:
Dungeon (4/15)
 Temple: D:4-7

Altars:
Ashenzari
Cheibriados
Okawaru
Trog
Uskayaw

Annotations:
D:3 3 runed translucent doors, HiStorm4nn's ghost, amateur FeCj; Wanze's ghost, amateur HOMo


Innate Abilities, Weirdness & Mutations

You have extremely sharp teeth.
Your natural rate of healing is unusually fast.
When hurt, damage is shared between your health and your magic reserves.
Your bite disrupts and absorbs the magic of your enemies.
Potions cannot restore your health.
You are immune to rotting.


Message History

* * * LOW HITPOINT WARNING * * *
You feel your power leaking away.
The gnoll hits you from afar with a +0 antimagic spear.
* * * LOW HITPOINT WARNING * * *
The gnoll hits you from afar with a +0 antimagic spear.
* * * LOW HITPOINT WARNING * * *
You feel your power leaking away. The gnoll barely misses you.
The gnoll closely misses you. The gnoll barely misses you.
You hit the gnoll.
The gnoll is lightly wounded.
The gnoll misses you. The gnoll barely misses you.
The gnoll hits you from afar with a +0 antimagic spear!
* * * LOW HITPOINT WARNING * * *
The gnoll hits you but does no damage. The gnoll barely misses you.
There is a stone staircase leading up here.
The gnoll hits you with a +0 club.
You die...

##..#
#...####.......#
#...#....#
##.....##
##.###..##
##g...# #)## ##.
##....# .##
#..#######g....##
##
#..............#
#
#######..g..#..##
# ###.g###.)## ##
#@.# ##..## .##
#..# ##..### ..##
#..# ##...## ...#
#..# ##...# .###
#..# ###.## ##
#..# ##.## # #..#
##.### # ..##
#.... # ##..#


You could see a gnoll shaman and 3 gnolls.

Vanquished Creatures
  Sigmund (D:2)
  A phantom (D:4)
  An ogre (D:4)
  A scorpion (D:3)
  A hound (D:4)
  2 orc wizards (D:3)
  A worker ant (D:3)
  6 adders
  4 gnolls
  An ooze (D:3)
  4 worms
  A dart slug (D:1)
  2 leopard geckos (D:1)
  4 orcs (D:3)
  A ball python (D:1)
  3 giant cockroaches
  6 goblins
  6 hobgoblins
  3 jackals (D:3)
  2 quokkas
  6 bats
  3 frilled lizards
  5 kobolds
  11 rats
76 creatures vanquished.

Notes
Turn   | Place    | Note
-------+----------+-------------------------------------------
     0 | D:1      | Esekla the Vine Stalker Skald began the quest for the Orb.
     0 | D:1      | Reached XP level 1. HP: 11/11 MP: 4/4
   529 | D:2      | Found a faded altar of an unknown god.
   537 | D:2      | Became a worshipper of Ashenzari the Shackled
   537 | D:2      | Reached * piety under Ashenzari
   581 | D:2      | Reached XP level 2. HP: 12/15 MP: 4/6
   635 | D:3      | Reached XP level 3. HP: 17/18 MP: 8/8
   826 | D:2      | Learned a level 2 spell: Song of Slaying
   830 | D:2      | Learned a level 3 spell: Ozocubu's Armour
   870 | D:1      | Reached skill level 1 in Armour
   920 | D:1      | Reached skill level 3 in Spellcasting
  1541 | D:1      | Gained mutation: Your natural rate of healing is unusually
                  | fast. [Vine Stalker growth]
  1541 | D:1      | Reached XP level 4. HP: 23/23 MP: 9/9
  1672 | D:2      | Noticed Sigmund
  1686 | D:2      | Killed Sigmund
  1686 | D:2      | Reached skill level 1 in Short Blades
  1686 | D:2      | Reached skill level 1 in Ice Magic
  1686 | D:2      | Reached XP level 5. HP: 27/27 MP: 9/11
  1686 | D:2      | Reached XP level 6. HP: 32/32 MP: 9/12
  2159 | D:3      | Reached ** piety under Ashenzari
  2471 | D:3      | Found a runed translucent gate.
  2476 | D:3      | Found a runed translucent gate.
  2476 | D:3      | Found a runed translucent gate.
  2476 | D:3      | Noticed HiStorm4nn's ghost (amateur FeCj)
  2476 | D:3      | Noticed Wanze's ghost (amateur HOMo)
  2567 | D:3      | Learned a level 2 spell: Shroud of Golubria
  2752 | D:3      | Reached XP level 7. HP: 23/36 MP: 9/13
  2861 | D:3      | Found an iron altar of Okawaru.
  2861 | D:3      | Found a faded altar of an unknown god.
  2871 | D:3      | Found a hide-covered altar of Uskayaw.
  2873 | D:3      | Found a snail-covered altar of Cheibriados.
  2874 | D:3      | Found a bloodstained altar of Trog.
  3130 | D:4      | Reached skill level 1 in Translocations
  3179 | D:4      | Reached skill level 4 in Spellcasting
  3422 | D:4      | HP: 1/36 [gnoll/+0 antimagic spear (6)]
  3426 | D:4      | Slain by a gnoll

Illustrated notes

Levels and vault maps discovered:
D:1:      onia_arrival_handbag, layout_basic
D:2:      layout_basic, chequers_ecumenical_altar_twisty, uniq_sigmund
D:3:      layout_basic, chequers_temple_overflow_minitemple, first_ration,
          gammafunk_ghost_cemetery
D:4:      layout_layer_cave, lemuel_zombie_altar_kikubaaqudgha

Skill      XL: |  1  2  3  4  5  6  7 |
---------------+----------------------+-----
Long Blades    | 2 |  2.5
Fighting       | 2 3 |  3.1
Armour         | 1 2 |  2.0
Spellcasting   | 3 4 |  4.0
Short Blades   | 1 2 3 |  3.4
Dodging        | 2 |  2.3
Ice Magic      | 1 2 |  2.6
Translocations | 1 |  1.2
Charms         | |  3.0

Action                   |  1- 3 |  4- 6 |  7- 9 || total
-------------------------+-------+-------+-------++-------
Melee: Falchion          |    15 |       |       ||    15
       Short sword       |    76 |   127 |    75 ||   278
       Bite              |    20 |    31 |    30 ||    81
 Cast: Song of Slaying   |     1 |     4 |     1 ||     6
       Ozocubu's Armour  |       |     6 |     1 ||     7
       Shroud of Golubri |       |     2 |     3 ||     5
Invok: Curse Item        |     1 |     1 |       ||     2
  Eat: Chunk             |     2 |     5 |     2 ||     9
Armor: Leather armour    |    20 |    24 |    17 ||    61
Dodge: Dodged            |    58 |    61 |    55 ||   174
       Rpst.: Falchion   |     1 |       |       ||     1
